 Dungeon Crawl Stone Soup version 0.19.1-1-g22dce08 (console) character file.

157221 Kloppie the Severer (level 17, -3/159 HPs)
             Began as a Yellow Draconian Berserker on Jan 17, 2017.
             Was the Champion of Trog.
             Slain by a wolf spider (6 damage)
             ... on level 4 of the Spider Nest on Jan 18, 2017.
             The game lasted 00:58:36 (33284 turns).

Kloppie the Severer (Yellow Draconian Berserker)   Turns: 33284, Time: 00:58:36

Health: -3/159     AC: 15    Str: 21    XL:     17   Next: 12%
Magic:  0/17       EV: 12    Int: 14    God:    Trog [******]
Gold:   1991       SH:  0    Dex: 18    Spells: 0 memorised, 16 levels left

rFire  . . .     SeeInvis .     a - +4 broad axe (flame)
rCold  + . .     Gourm    .     (armour unavailable)
rNeg   . . .     Faith    .     n - +0 shield
rPois  +         Spirit   +     Z - +1 hat
rElec  .         Reflect  .     X - +1 cloak of Temperance {Int+3 Slay+2}
rCorr  +         Harm     .     e - +1 pair of gloves
MR     +....                    S - +0 pair of boots {run}
Stlth  ++........               x - amulet of guardian spirit
                                t - ring of poison resistance
                                K - ring "Weunyf" {+Blink rC+ Int+3}

@: lethally poisoned (-3 -> -3), exhausted, held, studying Polearms, quick
A: spit acid, acid resistance, unfitting armour, agile 1, mutation resistance 1,
wild magic 1, acidic bite, cold-blooded, AC +9
a: Spit Acid, Berserk, Trog's Hand, Brothers in Arms, Burn Spellbooks, Renounce
Religion, Evoke Blink


You were on level 4 of the Spider Nest.
You worshipped Trog.
Trog was exalted by your worship.
You were near starving.

You visited 4 branches of the dungeon, and saw 27 of its levels.
You also visited: Labyrinth, Sewer and Ice Cave.

You collected 2662 gold pieces.
You spent 671 gold pieces at shops.

Inventory:

Hand Weapons
 a - a +4 broad axe of flaming (weapon)
 b - a +1 trident of venom
 N - the +5 war axe of the Middle {chop, SInv}
   (You bought it in a shop on level 6 of the Dungeon)

   It inflicts extra damage upon your enemies.
   It lets you see invisible.
Missiles
 h - 6 throwing nets (quivered)
Armour
 e - a +1 pair of gloves (worn)
 n - a +0 shield (worn)
 S - a +0 pair of boots of running (worn)
 X - the +1 cloak of Temperance (worn) {Int+3 Slay+2}
   (You found it on level 3 of the Spider Nest)

   It affects your intelligence (+3).
   It affects your accuracy and damage with ranged weapons and melee attacks
   (+2).
 Z - a +1 hat (worn)
Jewellery
 k - an uncursed ring of protection from cold
 t - a ring of poison resistance (right hand)
 x - an amulet of guardian spirit (around neck)
 y - the amulet "Merate" {Gourm Int+2 SInv}
   (You found it on level 6 of the Lair of Beasts)

   [amulet of the gourmand]

   It allows you to eat raw meat even when not hungry.
   It affects your intelligence (+2).
   It lets you see invisible.
 K - the ring "Weunyf" (left hand) {+Blink rC+ Int+3}
   (You found it on level 4 of the Dungeon)

   [ring of protection from cold]

   It affects your intelligence (+3).
   It protects you from cold.
   It lets you blink.
 R - a +3 ring of protection
Wands
 q - a wand of disintegration (16/24)
 r - a wand of lightning (11/15)
 F - a wand of hasting (1/9)
 L - a wand of teleportation (4/9)
 P - a wand of hasting (5/9)
 U - a wand of teleportation (5/9)
Scrolls
 f - 2 scrolls of identify
 j - a scroll of holy word
 m - 3 scrolls of enchant weapon
 o - 3 scrolls of fear
 s - 10 scrolls of teleportation
 z - a scroll of silence
 C - 9 scrolls of magic mapping
 E - 5 scrolls of fog
 G - 15 scrolls of remove curse
 H - a scroll of enchant armour
 J - 3 scrolls of recharging
 T - a scroll of brand weapon
Potions
 d - 4 potions of might
 g - a potion of resistance
 l - 3 potions of cancellation
 p - 8 potions of heal wounds
 w - 5 potions of haste
 A - a potion of flight
 B - 9 potions of curing
 Y - 3 potions of cure mutation
Books
 D - a manual of Polearms
Comestibles
 c - 5 slices of pizza
 i - 22 fruits
 v - 4 beef jerkies
 Q - 10 meat rations
 W - 16 bread rations


   Skills:
 - Level 16.5 Fighting
 - Level 16.6(17.2) Axes
 + Level 8.5(13.6) Polearms
 - Level 13.1 Dodging
 - Level 15.0 Shields


You had 16 spell levels left.
You didn't know any spells.

Dungeon Overview and Level Annotations

Branches:
Dungeon (15/15)            Temple (0/1) D:7            Lair (6/6) D:11
 Shoals (0/4) Lair:4       Spider (4/4) Lair:3        Slime (0/5) Lair:6
    Orc (2/2) D:11            Elf (0/3) Orc:2        Vaults (0/5) D:14
 Depths (0/5) D:15

Altars:
Ashenzari
Dithmenos
Elyvilon
Fedhas
Ru
Vehumet
Beogh

Shops:
D:6 (   D:14 !   D:15 :   Orc:2 =*![

Annotations:
D:6 1 runed door


Innate Abilities, Weirdness & Mutations

You can spit globs of acid.
You are resistant to acid.
Your golden yellow scales are hard. (AC +9)
You cannot fit into any form of body armour.
You have acidic saliva.
You are cold-blooded and may be slowed by cold attacks.
You are agile. (Dex +2)
You are somewhat resistant to further mutation.
Your spells are a little harder to cast, but a little more powerful.


Message History

Your troll evades a web.
Your troll disappears in a puff of smoke!
You are caught in the web!
You feel sick.
There is a web here.
You struggle to detach yourself from the web.
The wolf spider closely misses you. The wolf spider bites you.
* * * LOW HITPOINT WARNING * * *
You struggle to detach yourself from the web.
You feel yourself speed up.
You feel sick. The wolf spider hits you!!
* * * LOW HITPOINT WARNING * * *
The wolf spider bites you.
* * * LOW HITPOINT WARNING * * *
The wolf spider hits you but does no damage.
The wolf spider bites you!
* * * LOW HITPOINT WARNING * * *
The wolf spider hits you.
* * * LOW HITPOINT WARNING * * *
The wolf spider bites you.
You die...

....#..†......#...#.#.^...^^..#..
.....^.....)..#...#......####.#..
......##......#.........^....^#..
......^^....^.#...............#..
.#.#....#............##.^........
.#...^.......^....^....^..†.^..#.
...<.###.......(..^.##<.....##.#.
...###...............^###........
...# #≈......^^.@^.^.^# ##.....#.
...# #....^#.^.ss#....# #..†....
..## #≈....#.....#..^^# #.....^.
..# #...^^#≈....#≈...## ##.^..#^
### ##.....#≈^.^^#≈..≈.# #......
#^≈....#^...^#^....# #^..^..
#.....^#^...≈#^...^# #...#..
#^.....#...).##^..≈## #......
#^....^#^.....#≈....# ##.#...


You could see 2 wolf spiders.

Vanquished Creatures
  Gastronok (Lair:1)
  Kirke (D:14)
  Aizul (Spider:1)
  2 ghost moths (Spider:2)
  2 emperor scorpions (Spider:2)
  2 entropy weavers
  The ghost of Execuda the Fighter, a journeyman MiFi of Okawaru (IceCv)
  A spark wasp (Spider:3)
  A minotaur (Lab)
  An ogre mage (D:14)
  Fannar (Orc:1)
  The ghost of ErikD the Slicer, a journeyman MiBe of Trog (Orc:1)
  4 hydras
  The ghost of ImaNewbie the Cleaver, a journeyman HOFi of Uskayaw (Orc:1)
  4 catoblepae
  Harold (Lair:1)
  The ghost of fatfloppyjuicyveiny the Markscentaur, a journeyman CeHu of Okawaru (D:10)
  A centaur warrior (D:14)
  19 death yaks
  5 orc high priests (Orc:2)
  Urug (Lair:4)
  A fire crab (Lair:6)
  2 skeletal warriors
  A flayed ghost (D:15)
  3 hill giants
  2 necromancers
  8 orc knights
  26 wolf spiders
  13 orb spiders
  A fire giant zombie (D:15)
  A frost giant zombie (D:15)
  2 cyclopes
  2 manticores
  3 centaur zombies
  9 elephants
  4 sirens (Lair:4)
  2 torpor snails
  Joseph (Lair:1)
  2 guardian serpents (D:12)
  A molten gargoyle (Lair:6)
  9 black mambas
  A spiny frog (shapeshifter) (D:15)
  3 ice statues (IceCv)
  A gargoyle (D:12)
  8 spiny frogs
  6 komodo dragons
  8 rime drakes
  4 yaktaurs (D:14)
  13 demonic crawlers
  2 efreet
  A freezing wraith (D:15)
  A komodo dragon (shapeshifter) (D:14)
  8 ice devils (IceCv)
  9 trolls
  2 polar bears (D:10)
  22 jumping spiders
  7 two-headed ogres
  A raiju (shapeshifter) (D:13)
  7 hornets
  5 slime creatures
  11 dream sheep
  8 blink frogs (Lair:3)
  14 hippogriffs
  A spriggan skeleton (D:15)
  2 wraiths
  A shadow (D:15)
  A vampire (D:13)
  19 tarantellas
  57 redbacks
  5 wyverns
  A spriggan (D:9)
  A basilisk (Lair:1)
  92 yaks
  The ghost of Noxmare the Shield-Bearer, an amateur DsFi (D:3)
  A mottled dragon (D:15)
  3 vampire mosquitoes (D:15)
  5 swamp worms (Lair:1)
  4 wargs (Orc:1)
  A soldier ant (D:15)
  8 water moccasins
  A human skeleton (D:15)
  A swamp drake (D:11)
  44 orc warriors
  10 porcupines
  24 ice beasts
  2 black bears
  4 sky beasts
  2 phantoms
  2 eyes of draining
  A hornet zombie (D:15)
  22 wolves
  8 ogres
  A boggart (D:14)
  An ogre (shapeshifter) (D:15)
  14 centaurs
  12 crocodiles
  3 big kobolds (D:14)
  23 bullfrogs
  3 wyvern zombies
  5 scorpions
  A water moccasin skeleton (D:10)
  13 killer bees
  12 wights
  2 electric eels
  11 howler monkeys
  6 crimson imps
  A bullfrog zombie (D:6)
  3 draconian simulacra (IceCv)
  3 quasits
  A bullfrog skeleton (D:5)
  33 orc priests
  2 centaur skeletons
  7 jellies
  6 hounds
  27 orc wizards
  A water moccasin simulacrum (D:10)
  3 iguanas
  15 worker ants
  2 troll simulacra (IceCv)
  2 centaur simulacra (IceCv)
  2 hound skeletons
  A howler monkey zombie (D:5)
  A worker ant zombie (D:11)
  7 gnolls
  A howler monkey skeleton (D:5)
  A naga simulacrum (IceCv)
  2 ogre simulacra (IceCv)
  17 adders
  6 river rats
  A shadow imp (D:5)
  2 white imps (D:10)
  A worker ant simulacrum (D:10)
  An ufetubus (D:10)
  2 oozes (Lair:6)
  An adder zombie (D:5)
  2 adder skeletons
  17 worms
  2 dart slugs
  7 leopard geckos
  108 orcs
  4 bats
  15 giant cockroaches
  8 goblins
  5 hobgoblins
  3 quokkas
  14 ball pythons
  6 frilled lizards
  9 kobolds
  A quokka zombie (D:5)
  38 rats
  2 fungi
1111 creatures vanquished.

Vanquished Creatures (collateral kills)
  2 wolf spiders (Spider:4)
  4 orb spiders (Spider:4)
  A jumping spider (Spider:4)
  A hornet (Spider:4)
  A redback (Spider:4)
  A tarantella (Spider:4)
10 creatures vanquished.

Vanquished Creatures (others)
  A torpor snail (Lair:6)
  4 jumping spiders
  A yak (Lair:6)
  A human (D:14)
  A centaur (D:14)
  4 orcs
  9 fungi
  3 plants (Lair:1)
  2 withered plants (D:15)
26 creatures vanquished.

Grand Total: 1147 creatures vanquished

Notes
Turn   | Place    | Note
-------+----------+-------------------------------------------
     0 | D:1      | Kloppie the Draconian Berserker began the quest for the Orb.
     0 | D:1      | Reached XP level 1. HP: 19/19 MP: 1/1
    86 | D:1      | Reached XP level 2. HP: 18/26 MP: 2/2
   556 | D:2      | Reached ** piety under Trog
   835 | D:2      | Reached XP level 3. HP: 32/33 MP: 3/3
  1717 | D:3      | Reached XP level 4. HP: 38/41 MP: 4/4
  2118 | D:3      | Noticed Noxmare's ghost (amateur DsFi)
  2140 | D:3      | Killed Noxmare's ghost
  2140 | D:3      | Reached skill level 5 in Fighting
  2140 | D:3      | Reached XP level 5. HP: 48/48 MP: 5/5
  2732 | D:4      | Reached skill level 5 in Axes
  2853 | D:4      | Found a white marble altar of Elyvilon.
  2968 | D:4      | Noticed a centaur
  2974 | D:4      | Killed a centaur
  2974 | D:4      | Reached XP level 6. HP: 57/57 MP: 6/6
  3035 | D:4      | Reached *** piety under Trog
  3057 | D:4      | Found a sacrificial altar of Ru.
  3170 | D:4      | Found a glowing drain.
  3178 | Sewer    | Entered a sewer
  3630 | Sewer    | Your scales start taking on a golden yellow colour.
  3630 | Sewer    | Reached XP level 7. HP: 52/64 MP: 7/7
  3634 | Sewer    | Reached **** piety under Trog
  4007 | D:4      | Found a blossoming altar of Fedhas.
  4207 | D:4      | Got a clouded bronze ring
  4317 | D:4      | Identified the ring "Weunyf" {+Blink rC+ Int+3} (You found it on level 4 of the Dungeon)
  4324 | D:4      | Gained mutation: Your mind is acute. (Int +2) [potion of beneficial mutation]
  4326 | D:4      | Lost mutation: Your mind is acute. (Int +2) [potion of cure mutation]
  4327 | D:4      | Gained mutation: Your spells are a little harder to cast, but a little more powerful. [potion of mutation]
  4327 | D:4      | Gained mutation: You are agile. (Dex +2) [potion of mutation]
  4327 | D:4      | Gained mutation: You are somewhat resistant to further mutation. [potion of mutation]
  4347 | D:5      | Entered Level 5 of the Dungeon
  4901 | D:5      | Received a gift from Trog
  4901 | D:5      | Reached XP level 8. HP: 65/74 MP: 8/8
  4957 | D:5      | Found a shattered altar of Ashenzari.
  4958 | D:5      | Found a shadowy altar of Dithmenos.
  5336 | D:6      | Found Ingurchum's Antique Weapon Boutique.
  5401 | D:6      | Found a runed door.
  5589 | D:6      | Found a runed door.
  5845 | D:6      | Got a shimmering long sword
  5896 | D:6      | Bought a twisted war axe for 221 gold pieces
  5896 | D:6      | Identified the +5 war axe of the Middle {chop, SInv} (You bought it in a shop on level 6 of the Dungeon)
  5898 | D:6      | Identified the +5 long sword of Anguish {antimagic, Fragile +Fly Dex+5 SInv} (You found it on level 6 of the Dungeon)
  6262 | D:7      | Reached skill level 10 in Axes
  6423 | D:7      | Reached XP level 9. HP: 78/81 MP: 9/9
  6447 | D:7      | Found a staircase to the Ecumenical Temple.
  6591 | D:7      | Found a radiant altar of Vehumet.
  8095 | D:9      | Reached XP level 10. HP: 64/89 MP: 10/10
  8828 | D:9      | Reached skill level 1 in Shields
  9083 | D:10     | Entered Level 10 of the Dungeon
  9105 | D:10     | Reached ***** piety under Trog
  9392 | D:10     | Reached skill level 5 in Shields
  9453 | D:10     | Noticed fatfloppyjuicyveiny's ghost (journeyman CeHu)
  9633 | D:10     | Killed fatfloppyjuicyveiny's ghost
  9700 | D:10     | Reached XP level 11. HP: 92/99 MP: 11/11
  9934 | D:10     | Received a gift from Trog
 10219 | D:11     | Found a labyrinth entrance.
 10228 | Lab      | Entered a labyrinth
 10467 | Lab      | Noticed a minotaur
 10475 | Lab      | Killed a minotaur
 11044 | D:11     | Reached skill level 5 in Dodging
 11067 | D:11     | Found a staircase to the Lair.
 11379 | D:11     | Found a staircase to the Orcish Mines.
 11832 | Lair:1   | Entered Level 1 of the Lair of Beasts
 11832 | Lair:1   | Noticed a six-headed hydra
 11842 | Lair:1   | Killed a six-headed hydra
 11852 | Lair:1   | Reached XP level 12. HP: 62/106 MP: 12/12
 12152 | Lair:1   | Noticed Harold
 12166 | Lair:1   | Killed Harold
 12674 | Lair:1   | Received a gift from Trog
 13215 | Lair:1   | Noticed Gastronok
 13232 | Lair:1   | Killed Gastronok
 13303 | Lair:1   | Noticed Joseph
 13316 | Lair:1   | Killed Joseph
 13316 | Lair:1   | Reached skill level 15 in Axes
 13984 | Lair:2   | Reached skill level 10 in Fighting
 14370 | Lair:3   | Reached XP level 13. HP: 96/114 MP: 13/13
 14491 | Lair:3   | Found a hole to the Spider Nest.
 15116 | Lair:3   | Received a gift from Trog
 15287 | Lair:4   | Found a shadowy altar of Dithmenos.
 15753 | Lair:4   | Reached skill level 10 in Shields
 16189 | Lair:4   | Found a staircase to the Shoals.
 16506 | Lair:4   | Noticed Urug
 16515 | Lair:4   | Killed Urug
 16891 | Lair:5   | Gained mutation: You have acidic saliva. [Yellow Draconian growth]
 16891 | Lair:5   | Reached XP level 14. HP: 125/125 MP: 14/14
 17787 | Orc:1    | Entered Level 1 of the Orcish Mines
 17794 | Orc:1    | Noticed Fannar
 17813 | Orc:1    | Killed Fannar
 17902 | Orc:2    | Entered Level 2 of the Orcish Mines
 17924 | Orc:2    | Found a staircase to the Elven Halls.
 17942 | Orc:2    | Found a frozen archway.
 17954 | IceCv    | Entered an ice cave
 17990 | IceCv    | Noticed Execuda's ghost (journeyman MiFi)
 18009 | IceCv    | Killed Execuda's ghost
 18881 | Orc:2    | Received a gift from Trog
 20696 | Orc:2    | Found Zolityug's Armour Shoppe.
 20699 | Orc:2    | Found Sumienn's Assorted Antiques.
 20700 | Orc:2    | Found Lioch's Jewellery Shoppe.
 20701 | Orc:2    | Found Ganuq's Distillery.
 20712 | Orc:2    | Bought an uncursed amulet of guardian spirit for 450 gold pieces
 20976 | Orc:1    | Noticed ErikD's ghost (journeyman MiBe)
 20992 | Orc:1    | Killed ErikD's ghost
 21008 | Orc:1    | Received a gift from Trog
 21010 | Orc:1    | Got a crude hand axe {god gift}
 21017 | Orc:1    | Identified the +4 hand axe "Dale" {freeze, rF- MR++ Str+2} (Trog gifted it to you on level 1 of the Orcish Mines)
 21197 | Orc:1    | Reached skill level 15 in Shields
 21213 | Orc:1    | Noticed ImaNewbie's ghost (journeyman HOFi)
 21242 | Orc:1    | Killed ImaNewbie's ghost
 21551 | Lair:6   | Entered Level 6 of the Lair of Beasts
 21632 | Lair:6   | Found a staircase to the Slime Pits.
 22252 | Lair:6   | Reached XP level 15. HP: 89/136 MP: 9/15
 23023 | Lair:6   | Received a gift from Trog
 23103 | Lair:6   | Reached ****** piety under Trog
 23894 | Lair:6   | Got a wavering golden amulet
 24807 | D:12     | Reached skill level 10 in Dodging
 25184 | D:13     | Identified Dups's Thaumaturgy, Part Three
 25307 | D:13     | Received a gift from Trog
 25320 | D:13     | Found a roughly hewn altar of Beogh.
 25719 | D:14     | Identified the amulet "Merate" {Gourm Int+2 SInv} (You found it on level 6 of the Lair of Beasts)
 25723 | D:14     | Found Jona's Distillery.
 25814 | D:14     | Noticed Kirke
 25830 | D:14     | Killed Kirke
 26061 | D:14     | Identified a +0 pair of boots of running (You found it on level 14 of the Dungeon)
 26073 | D:14     | Found a gate to the Vaults.
 26295 | D:15     | Entered Level 15 of the Dungeon
 26588 | D:15     | Found Uveatsutimm's Book Shoppe.
 27041 | D:15     | Reached XP level 16. HP: 113/147 MP: 13/16
 27208 | D:15     | Received a gift from Trog
 27216 | D:15     | Found a staircase to the Depths.
 27811 | Spider:1 | Entered Level 1 of the Spider Nest
 28190 | Spider:1 | Noticed Aizul
 28211 | Spider:1 | Killed Aizul
 29827 | Spider:2 | Reached skill level 15 in Fighting
 29902 | Spider:2 | Received a gift from Trog
 32454 | Spider:3 | Got a dazzling cloak
 32455 | Spider:3 | Identified the +1 cloak of Temperance {Int+3 Slay+2} (You found it on level 3 of the Spider Nest)
 32492 | Spider:4 | Entered Level 4 of the Spider Nest
 32506 | Spider:4 | Reached skill level 1 in Polearms
 32580 | Spider:4 | Received a gift from Trog
 32848 | Spider:4 | Reached skill level 5 in Polearms
 33040 | Spider:4 | Reached XP level 17. HP: 144/159 MP: 17/17
 33284 | Spider:4 | HP: 3/159 [wolf spider (5)]
 33284 | Spider:4 | Slain by a wolf spider

Skill      XL: |  1  2  3  4  5  6  7  8  9 10 11 12 13 14 15 16 17 |
---------------+----------------------------------------------------+-----
Fighting       | 4 5 6 7 8 9 10 11 13 14 16 | 16.5
Axes           | 4 5 6 7 10 12 15 16 | 16.6
Shields        | 7 9 12 15 | 15.0
Dodging        | 7 10 13 | 13.1
Polearms       | 5 8 |  8.5

Action                   |  1- 3 |  4- 6 |  7- 9 | 10-12 | 13-15 | 16-18 || total
-------------------------+-------+-------+-------+-------+-------+-------++-------
Melee: Hand axe          |   132 |   217 |   209 |       |       |       ||   558
       Tailslap          |    15 |    26 |    52 |    82 |   337 |   154 ||   666
       War axe           |       |       |   143 |   564 |  1585 |   544 ||  2836
       Trident           |       |       |       |    21 |    27 |   104 ||   152
       Broad axe         |       |       |       |     7 |       |    93 ||   100
       Bite              |       |       |       |       |   226 |   108 ||   334
Throw: Throwing net      |     2 |     2 |       |       |       |       ||     4
Invok: Berserk           |     3 |     6 |     6 |    16 |    18 |     5 ||    54
       Trog's Hand       |       |     2 |     1 |     8 |    12 |     3 ||    26
       Brothers in Arms  |       |       |       |       |       |     1 ||     1
 Abil: Spit Acid         |       |       |       |     2 |     1 |       ||     3
       Stop Flying       |       |       |       |     1 |       |       ||     1
  Use: Potion            |       |       |     7 |    10 |     3 |     2 ||    22
       Scroll            |       |       |     4 |     6 |    17 |    11 ||    38
 Stab: Sleeping          |     1 |     1 |       |     1 |     4 |       ||     7
       Distracted        |       |       |       |     1 |       |     3 ||     4
       Confused          |       |       |       |     1 |       |       ||     1
       Petrified         |       |       |       |       |     6 |       ||     6
       Petrifying        |       |       |       |       |     1 |       ||     1
  Eat: Chunk             |     4 |     8 |    12 |    39 |    51 |     9 ||   123
       Meat ration       |       |     1 |     2 |       |     1 |     1 ||     5
       Bread ration      |       |       |       |       |     2 |     1 ||     3
       Beef jerky        |       |       |       |       |     1 |       ||     1
       Royal jelly       |       |       |       |       |       |     1 ||     1
Armor: Skin              |    57 |    67 |   118 |   118 |   197 |   124 ||   681
Dodge: Dodged            |    94 |   167 |   218 |   210 |   618 |   530 ||  1837
Block: Shield            |       |       |       |   319 |   793 |   564 ||  1676
